[Event "Irish Championship 2026"]
[Site "Talbot Hotel Stillorgan, Co.Dublin, IE"]
[Date "2026.08.07"]
[Round "7"]
[White "Ryan, Joshua"]
[Black "Healy, John"]
[Result "1-0"]
[Board "76"]
[TimeControl "40/5400+30:1800+30"]
[WhiteFideId "2516705"]
[BlackFideId "2500965"]
[WhiteElo "1866"]
[BlackElo "1928"]
[WhiteClock "0:22:50"]
[BlackClock "0:58:14"]
[Variant "Standard"]
[EndDate "2026.08.07"]
[EndTime "16:08:37"]

1. e4 c5 2. c3 d5 3. exd5 Qxd5 4. d4 Nf6 5. Nf3 e6 6. Na3 Bd7 7. Nb5 Bxb5 8. Bxb5+ Nbd7 9. O-O cxd4 10. Nxd4 a6 11. Be2 Qd6 12. Bf3 Qc7 13. Re1 Be7 14. Bg5 Ne5 15. Bxb7 Qxb7 16. Rxe5 Qxb2 17. Nc6 Bd6 18. Rb1 Qxb1 19. Qxb1 Bxe5 20. Nxe5 O-O 21. Bxf6 gxf6 22. Nd7 Rfd8 23. Nxf6+ Kg7 24. Nh5+ Kh6 25. g4 Rd2 26. Qe4 Rad8 27. Qf4+ Kg6 1-0

[Event "Irish Championship 2026"]
[Site "Talbot Hotel Stillorgan, Co.Dublin, IE"]
[Date "2026.08.07"]
[Round "7"]
[White "Dash, Shaurya"]
[Black "John P. A. Kennedy"]
[Result "0-1"]
[Board "77"]
[TimeControl "40/5400+30:1800+30"]
[WhiteFideId "2534789"]
[WhiteElo "1751"]
[BlackElo "2012"]
[WhiteClock "0:23:31"]
[BlackClock "0:06:06"]
[Variant "Standard"]
[EndDate "2026.08.07"]
[EndTime "17:19:20"]

1. d4 d5 2. c4 e6 3. Nc3 c5 4. e3 Nf6 5. cxd5 exd5 6. Bb5+ Nc6 7. Qc2 Qb6 8. Nf3 Be7 9. O-O O-O 10. Bxc6 Qxc6 11. dxc5 Qxc5 12. Qd3 Be6 13. Bd2 Rfd8 14. Rab1 d4 15. exd4 Qh5 16. Rbc1 Bg4 17. Ng5 h6 18. Nge4 Bf5 19. Bf4 Qg4 20. Qe3 Bxe4 21. Nxe4 Nd5 22. Qb3 Nxf4 23. Ng3 Qd7 24. Rfe1 Qd5 25. Qxd5 Nxd5 26. Nf5 Bg5 27. Rc5 g6 28. Re5 gxf5 29. Rexd5 Rxd5 30. Rxd5 Rd8 31. Rxf5 Rxd4 32. h3 Kg7 33. Rb5 b6 34. b3 Bf6 35. a4 Rd2 36. f3 Bd4+ 37. Kh2 Kg6 38. a5 a6 39. Rb4 bxa5 40. Rc4 Be5+ 41. f4 Bb8 42. Kg3 Rd3+ 43. Kg4 Rxb3 44. Rc6+ Kg7 45. Rxa6 Rb5 46. h4 h5+ 0-1

[Event "Irish Championship 2026"]
[Site "Talbot Hotel Stillorgan, Co.Dublin, IE"]
[Date "2026.08.07"]
[Round "7"]
[White "OBrien, James Joseph"]
[Black "Rai, Oleksii"]
[Result "1/2-1/2"]
[Board "78"]
[TimeControl "40/5400+30:1800+30"]
[WhiteFideId "2518813"]
[BlackFideId "2531526"]
[WhiteElo "1914"]
[BlackElo "1840"]
[WhiteClock "0:00:48"]
[BlackClock "1:02:25"]
[Variant "Standard"]
[EndDate "2026.08.07"]
[EndTime "17:55:41"]

1. e4 c5 2. Nc3 d6 3. f4 Nc6 4. Nf3 g6 5. d4 cxd4 6. Nxd4 Bg7 7. Be3 Nf6 8. Be2 O-O 9. Nb3 b6 10. O-O Bb7 11. Bf3 Nd7 12. Qd2 Nc5 13. Rad1 a5 14. Qf2 Bxc3 15. bxc3 Qc7 16. e5 dxe5 17. Bxc5 bxc5 18. Nxc5 Rad8 19. Nxb7 Qxb7 20. fxe5 Qb5 21. Bxc6 Qxc6 22. Rxd8 Rxd8 23. Qxf7+ Kh8 24. Qxe7 Qe8 25. Qxe8+ Rxe8 26. Re1 Re6 27. Kf2 Kg7 28. Re4 Kf7 29. Ke3 Rb6 30. e6+ Ke7 31. a4 Rb2 32. Kd3 Ra2 33. g4 g5 34. h3 h6 35. Kd2 Ra1 36. Kd3 Ra3 37. Rc4 Kxe6 38. Kd4 Kd6 39. Ke4 Ra1 40. Kf5 Rh1 41. Rd4+ Kc5 42. Rd3 Re1 43. Rd8 Re3 44. Rc8+ Kb6 45. Rb8+ Kc7 46. Rb5 Rxh3 47. Rxa5 h5 48. gxh5 Rxh5 49. Ke4 Rh4+ 50. Kd3 Kb6 51. Rb5+ Kc6 52. Rb4 g4 53. Rc4+ Kb6 54. Ke3 Ka5 55. Ke2 Rh2+ 56. Kf1 Rxc2 1/2-1/2

[Event "Irish Championship 2026"]
[Site "Talbot Hotel Stillorgan, Co.Dublin, IE"]
[Date "2026.08.07"]
[Round "7"]
[White "Mulukutla, Ayaansh"]
[Black "Stokes, Stephen"]
[Result "1/2-1/2"]
[Board "79"]
[TimeControl "40/5400+30:1800+30"]
[WhiteFideId "33391998"]
[BlackFideId "2503530"]
[WhiteElo "1839"]
[BlackElo "1885"]
[WhiteClock "0:09:07"]
[BlackClock "0:08:06"]
[Variant "Standard"]
[EndDate "2026.08.07"]
[EndTime "17:16:57"]

1. d4 d5 2. c4 e6 3. Nc3 Nf6 4. Bg5 Be7 5. cxd5 exd5 6. e3 O-O 7. Bd3 h6 8. Bh4 c6 9. Nge2 Nbd7 10. O-O Ne4 11. Bxe7 Qxe7 12. Ng3 f5 13. Re1 Ndf6 14. f3 Nxg3 15. hxg3 Qd6 16. Kf2 Ng4+ 17. fxg4 fxg4+ 18. Kg1 Qxg3 19. Re2 Qh4 20. g3 Qxg3+ 21. Kh1 Qf3+ 22. Kg1 g3 23. Qf1 Qh5 24. Bh7+ Kxh7 25. Qxf8 Bg4 26. Qf1 Rf8 27. Qxf8 Bxe2 28. Nxe2 Qxe2 29. Qf5+ Kg8 30. Qc8+ Kh7 31. Qf5+ Kg8 32. Qc8+ 1/2-1/2

[Event "Irish Championship 2026"]
[Site "Talbot Hotel Stillorgan, Co.Dublin, IE"]
[Date "2026.08.07"]
[Round "7"]
[White "Lorigan, Maxim"]
[Black "Singhal, Vivaan"]
[Result "0-1"]
[Board "80"]
[TimeControl "40/5400+30:1800+30"]
[WhiteFideId "2518198"]
[BlackFideId "2516721"]
[WhiteElo "1762"]
[BlackElo "1878"]
[WhiteClock "0:00:31"]
[BlackClock "0:05:45"]
[Variant "Standard"]
[EndDate "2026.08.07"]
[EndTime "17:28:18"]

1. d4 Nf6 2. c4 e6 3. Nc3 Bb4 4. e3 b6 5. Nf3 Bb7 6. Bd3 Ne4 7. Qc2 f5 8. a3 Bxc3+ 9. bxc3 O-O 10. Bb2 d6 11. Rg1 Nd7 12. g4 Nxf2 13. Qxf2 fxg4 14. Qh4 Bxf3 15. Qxh7+ Kf7 16. Qg6+ Ke7 17. Qxg7+ Rf7 18. Qg5+ Nf6 19. d5 Qg8 20. Qxg8 Rxg8 21. dxe6 Kxe6 22. Bc1 Ne4 23. Bxe4 Bxe4 24. Ra2 Rh7 25. Rf2 Bd3 26. Rfg2 Rh4 27. c5 bxc5 28. Kd2 Be4 29. Rf2 Rgh8 30. Ke1 Bf3 31. Rg3 Rxh2 32. Rf1 Re2+ 0-1

[Event "Irish Championship 2026"]
[Site "Talbot Hotel Stillorgan, Co.Dublin, IE"]
[Date "2026.08.07"]
[Round "7"]
[White "Voogt, Declan"]
[Black "Nichenametla V, Advaith"]
[Result "1/2-1/2"]
[Board "81"]
[TimeControl "40/5400+30:1800+30"]
[WhiteFideId "2517388"]
[BlackFideId "2516896"]
[WhiteElo "1849"]
[BlackElo "1943"]
[WhiteClock "0:04:40"]
[BlackClock "0:03:07"]
[Variant "Standard"]
[EndDate "2026.08.07"]
[EndTime "17:36:16"]

1. Nf3 d5 2. g3 Nf6 3. Bg2 e6 4. O-O Be7 5. d4 O-O 6. c4 dxc4 7. Ne5 c6 8. a4 Nbd7 9. Nxc4 Nd5 10. e4 N5b6 11. Ne3 a5 12. Nc3 f5 13. Re1 Bd6 14. Nf1 e5 15. exf5 exd4 16. Qxd4 Nc5 17. Qd1 Bxf5 18. Be3 Nd3 19. Re2 Nc4 20. Qb3 Be6 21. Qxb7 Nce5 22. Qb6 Qd7 23. Qd4 c5 24. Qe4 Rae8 25. Nb5 Kh8 26. Qb7 Qxb7 27. Bxb7 Be7 28. Nc7 Bg4 29. Rc2 Rb8 30. Be4 Rxb2 31. Rxb2 Nxb2 32. Nd5 Bd6 33. Bd2 Bf3 34. Bxf3 Nxf3+ 35. Kg2 Be5 36. Bc3 Bxc3 37. Nxc3 h6 38. Ne3 Nd4 39. Ra2 Nd3 40. Rd2 Ne1+ 41. Kh1 1/2-1/2

[Event "Irish Championship 2026"]
[Site "Talbot Hotel Stillorgan, Co.Dublin, IE"]
[Date "2026.08.07"]
[Round "7"]
[White "Fox, Anthony"]
[Black "Heron, Lorcan"]
[Result "1-0"]
[Board "82"]
[TimeControl "40/5400+30:1800+30"]
[WhiteFideId "2500736"]
[BlackFideId "2529343"]
[WhiteElo "1876"]
[BlackElo "1926"]
[WhiteClock "0:13:25"]
[BlackClock "0:01:43"]
[Variant "Standard"]
[EndDate "2026.08.07"]
[EndTime "17:26:14"]

1. e4 e5 2. Nf3 Nc6 3. Bb5 f5 4. d3 fxe4 5. dxe4 Nf6 6. O-O Bc5 7. Qd3 d6 8. Qc4 Qd7 9. Nxe5 Nxe5 10. Qe6+ Kd8 11. Bxd7 Bxd7 12. Qb3 Nxe4 13. Be3 Bc6 14. Nd2 Nxd2 15. Bxd2 Rf8 16. Be3 Bb6 17. Rad1 Kc8 18. Bxb6 axb6 19. f4 Ng6 20. g3 Ra5 21. Rd2 Raf5 22. Rdf2 Kb8 23. c4 R5f6 24. Qc2 b5 25. cxb5 Bxb5 26. Rc1 R8f7 27. a4 Bc6 28. b4 Re7 29. b5 Be4 30. Qc3 d5 31. a5 Rd6 32. Qb4 Rf6 33. Qd4 b6 34. Ra2 Ref7 35. axb6 Rxb6 36. Qa4 Kc8 37. Qa8+ Kd7 38. Ra7 Kd6 39. Rc6+ 1-0

[Event "Irish Championship 2026"]
[Site "Talbot Hotel Stillorgan, Co.Dublin, IE"]
[Date "2026.08.07"]
[Round "7"]
[White "Field, Lila Quinn"]
[Black "Liu, Murray"]
[Result "1-0"]
[Board "83"]
[TimeControl "40/5400+30:1800+30"]
[WhiteFideId "30941334"]
[BlackFideId "2517191"]
[WhiteElo "1898"]
[BlackElo "1885"]
[WhiteClock "1:07:36"]
[BlackClock "0:15:26"]
[Variant "Standard"]
[EndDate "2026.08.07"]
[EndTime "15:57:10"]

1. e4 c5 2. Nf3 d6 3. d4 cxd4 4. Nxd4 Nf6 5. Nc3 g6 6. Be3 Bg7 7. f3 O-O 8. Qd2 Nc6 9. O-O-O d5 10. Nxc6 bxc6 11. Bh6 Bxh6 12. Qxh6 Rb8 13. h4 Qb6 14. b3 dxe4 15. h5 gxh5 16. Nxe4 Nxe4 17. Rxh5 c5 18. Qxh7# 1-0

[Event "Irish Championship 2026"]
[Site "Talbot Hotel Stillorgan, Co.Dublin, IE"]
[Date "2026.08.07"]
[Round "7"]
[White "Biswal, Saiansh"]
[Black "Fitzgerald, Martin"]
[Result "1/2-1/2"]
[Board "84"]
[TimeControl "40/5400+30:1800+30"]
[WhiteFideId "2518155"]
[BlackFideId "2511177"]
[WhiteElo "1824"]
[BlackElo "1891"]
[WhiteClock "0:04:13"]
[BlackClock "0:09:09"]
[Variant "Standard"]
[EndDate "2026.08.07"]
[EndTime "17:20:09"]

1. e4 c5 2. Nc3 Nc6 3. Bb5 Nd4 4. Nf3 e6 5. Bd3 Nc6 6. O-O a6 7. a4 d6 8. b3 Nf6 9. Bb2 Be7 10. Ne2 O-O 11. Ng3 b6 12. c4 Bb7 13. Bc2 d5 14. d3 d4 15. Ne1 e5 16. Bc1 Bc8 17. f4 Bg4 18. Nf3 exf4 19. Bxf4 Bd6 20. Qc1 Qc7 21. Bxd6 Qxd6 22. Qd2 Nd7 23. Rae1 Rae8 24. Nh4 Nde5 25. Ngf5 Bxf5 26. Nxf5 Qd7 27. Qg5 g6 28. Nh6+ Kg7 29. Nf5+ Kg8 30. Nh6+ Kg7 31. Nf5+ Kg8 32. Qf6 gxf5 33. Rxf5 Ng6 34. Rd5 Qc7 35. Rd6 1/2-1/2

[Event "Irish Championship 2026"]
[Site "Talbot Hotel Stillorgan, Co.Dublin, IE"]
[Date "2026.08.07"]
[Round "7"]
[White "Doolin, Nemhain"]
[Black "Thomas Boby, Aiden"]
[Result "1/2-1/2"]
[Board "85"]
[TimeControl "40/5400+30:1800+30"]
[WhiteFideId "2517230"]
[BlackFideId "2535688"]
[WhiteElo "1915"]
[BlackElo "1978"]
[WhiteClock "0:26:05"]
[BlackClock "0:39:47"]
[Variant "Standard"]
[EndDate "2026.08.07"]
[EndTime "17:55:03"]

1. e4 c5 2. Nc3 Nc6 3. Bb5 Nd4 4. Nf3 a6 5. Bd3 g6 6. Rb1 e6 7. a3 Bg7 8. b4 d6 9. bxc5 dxc5 10. Na4 c4 11. Nb6 cxd3 12. Nxd4 Rb8 13. Nf3 Bd7 14. Nxd7 Qxd7 15. O-O Ne7 16. Bb2 Bxb2 17. Rxb2 O-O 18. cxd3 Qxd3 19. Qb1 Qd7 20. d4 Nc6 21. Rd1 b5 22. Qc1 Na5 23. Ne5 Qd6 24. Rc2 Rb6 25. Qh6 Rb7 26. Ng4 f6 27. Nxf6+ Rxf6 28. e5 Qf8 29. Qd2 Nc4 30. Rxc4 Rxf2 31. Qxf2 Qxf2+ 32. Kxf2 bxc4 33. Rc1 Rb3 34. Rxc4 Rxa3 35. Rc8+ Kf7 36. Rc7+ Kg8 37. Re7 Rd3 38. Rxe6 Rxd4 39. Rxa6 Re4 40. Ra5 Kf7 41. Kf3 Re1 42. Kf4 h6 43. Ra7+ Ke6 44. Ra6+ Kf7 45. h4 Rf1+ 46. Kg4 Re1 47. Ra5 Ke6 48. Kf4 Rf1+ 49. Kg4 Re1 50. h5 gxh5+ 51. Kh4 Re4+ 52. Kh3 Rxe5 53. Ra6+ Kf5 54. Rxh6 Kg5 55. Rh8 Re6 56. Ra8 Rb6 57. Ra5+ Kg6 1/2-1/2

[Event "Irish Championship 2026"]
[Site "Talbot Hotel Stillorgan, Co.Dublin, IE"]
[Date "2026.08.07"]
[Round "7"]
[White "Greenan, Darragh"]
[Black "Braine, Harry"]
[Result "0-1"]
[Board "86"]
[TimeControl "40/5400+30:1800+30"]
[WhiteFideId "2525607"]
[BlackFideId "2518570"]
[WhiteElo "1786"]
[BlackElo "1948"]
[WhiteClock "0:03:05"]
[BlackClock "0:53:00"]
[Variant "Standard"]
[EndDate "2026.08.07"]
[EndTime "16:34:12"]

1. d4 Nf6 2. Nf3 e6 3. b3 c5 4. e3 cxd4 5. exd4 b6 6. Bb2 Be7 7. Bd3 O-O 8. O-O Bb7 9. Nbd2 Nc6 10. a3 Re8 11. Re1 d6 12. c4 Bf8 13. Ne4 Ne7 14. Nxf6+ gxf6 15. Nd2 f5 16. d5 Ng6 17. Nf3 Bg7 18. Bxg7 Kxg7 19. Nd4 Qf6 20. Bb1 Kh8 21. Bc2 Rg8 22. g3 Rae8 23. Nb5 exd5 24. Rxe8 Rxe8 25. cxd5 a6 26. Nd4 Re5 27. Nc6 Rxd5 28. Qxd5 Qxa1+ 29. Bd1 0-1

[Event "Irish Championship 2026"]
[Site "Talbot Hotel Stillorgan, Co.Dublin, IE"]
[Date "2026.08.08"]
[Round "8"]
[White "Singhal, Vivaan"]
[Black "Andhurthi, Sreeyan"]
[Result "1/2-1/2"]
[Board "15"]
[TimeControl "40/5400+30:1800+30"]
[WhiteFideId "2516721"]
[BlackFideId "2523531"]
[WhiteElo "1878"]
[BlackElo "1950"]
[WhiteClock "0:51:37"]
[BlackClock "1:13:13"]
[Variant "Standard"]
[EndDate "2026.08.08"]
[EndTime "19:24:50"]

1. d4 d5 2. Nf3 Nf6 3. e3 c6 4. c4 g6 5. Nc3 Bg7 6. b3 O-O 7. Bd3 Bg4 8. h3 Bxf3 9. Qxf3 e6 10. Bb2 Nbd7 11. O-O Qe7 12. Rfe1 Rad8 13. e4 dxe4 14. Nxe4 Nxe4 15. Bxe4 Nc5 16. Rad1 Nxe4 17. Qxe4 1/2-1/2

[Event "Irish Championship 2026"]
[Site "Talbot Hotel Stillorgan, Co.Dublin, IE"]
[Date "2026.08.08"]
[Round "8"]
[White "Fitzgerald, Niall"]
[Black "Freeman, Gordon"]
[Result "1-0"]
[Board "16"]
[TimeControl "40/5400+30:1800+30"]
[WhiteFideId "2511185"]
[BlackFideId "2501309"]
[WhiteElo "1894"]
[BlackElo "2068"]
[BlackTitle "FM"]
[WhiteClock "0:01:25"]
[BlackClock "0:12:51"]
[Variant "Standard"]
[EndDate "2026.08.08"]
[EndTime "19:24:49"]

1. e4 c5 2. Nf3 Nc6 3. d4 cxd4 4. Nxd4 g6 5. c4 Nf6 6. Nc3 d6 7. Be2 Nxd4 8. Qxd4 Bg7 9. Be3 O-O 10. Qd2 a5 11. O-O a4 12. Bd4 Qa5 13. Rad1 Be6 14. Qe3 Nd7 15. f4 Bxd4 16. Rxd4 Nb8 17. f5 Nc6 18. fxe6 Nxd4 19. exf7+ Rxf7 20. Qxd4 Rxf1+ 21. Kxf1 Qc5 22. Qxc5 dxc5 23. a3 Kf7 24. Bd1 Rd8 25. Ke2 Rd4 26. Bxa4 e6 27. Bb5 Kf6 28. Ke3 Ke5 29. b3 g5 30. Be8 h6 31. Bh5 b6 32. Bf3 Rd7 33. Na4 Rd4 34. Nxb6 g4 35. Bxg4 Rxe4+ 36. Kf3 Rd4 37. b4 Rd3+ 38. Kf2 Kd6 39. Na4 Rxa3 40. Nxc5 Ra2+ 41. Kf3 Rb2 42. Nd3 Rb3 43. Ke4 Rb1 44. Kd4 Rg1 45. Bf3 Rh1 46. h3 Rb1 47. b5 Rb3 48. c5+ Kc7 49. b6+ Kb8 50. Kc4 Rb1 51. Nb4 1-0

[Event "Irish Championship 2026"]
[Site "Talbot Hotel Stillorgan, Co.Dublin, IE"]
[Date "2026.08.08"]
[Round "8"]
[White "Jessel, Stephen"]
[Black "Tureshbayev, Anuar"]
[Result "1-0"]
[Board "61"]
[TimeControl "40/5400+30:1800+30"]
[WhiteFideId "628859"]
[BlackFideId "651081709"]
[WhiteElo "2364"]
[BlackElo "2250"]
[WhiteTitle "FM"]
[BlackTitle "FM"]
[WhiteClock "0:05:12"]
[BlackClock "0:01:57"]
[Variant "Standard"]
[EndDate "2026.08.08"]
[EndTime "19:05:33"]

1. Nf3 d5 2. c4 d4 3. b4 f6 4. Na3 e5 5. Nc2 c5 6. bxc5 Bxc5 7. d3 Nc6 8. g3 Nge7 9. Bg2 h5 10. Rb1 Nf5 11. h4 Qc7 12. Nd2 Be6 13. Ne4 Be7 14. Qd2 Nd6 15. Nxd6+ Bxd6 16. Ba3 Bxa3 17. Nxa3 O-O 18. O-O Rab8 19. Rfc1 Qe7 20. Nc2 Rbc8 21. Nb4 Nxb4 22. Qxb4 Qxb4 23. Rxb4 b6 24. Rb5 Bd7 25. Rd5 Be6 26. Rd6 Kf7 27. Bd5 Bxd5 28. Rxd5 Rfd8 29. Rb5 Ke6 30. a4 Rd6 31. Rcb1 Rcc6 32. a5 bxa5 33. Rxa5 Ra6 34. Rba1 Rxa5 35. Rxa5 Rd7 36. f4 Kf5 37. Kf2 Re7 38. Kf3 Rd7 39. Ra6 Re7 40. Ra5 Rd7 41. Ra6 Re7 42. Rd6 Rb7 43. Rd8 Rb3 44. fxe5 fxe5 45. Rf8+ Ke6 46. Re8+ Kf5 47. Re7 a6 48. Rf7+ Kg6 49. Ra7 Kf5 50. Kf2 g5 51. hxg5 Kxg5 52. Rxa6 e4 53. dxe4 Rc3 54. Rc6 Re3 55. Rd6 Rxe4 56. Rd5+ Kg6 57. c5 h4 58. gxh4 Rxh4 59. c6 Rf4+ 60. Ke1 Rf6 61. c7 Rc6 62. Rd6+ Rxd6 63. c8=Q Kf6 64. Qe8 d3 65. e3 d2+ 66. Kd1 Kf5 67. e4+ Kf4 68. Qf8+ Ke5 69. Qf5+ 1-0

[Event "Irish Championship 2026"]
[Site "Talbot Hotel Stillorgan, Co.Dublin, IE"]
[Date "2026.08.08"]
[Round "8"]
[White "Collins, Adam"]
[Black "Jacob Flynn"]
[Result "1-0"]
[Board "62"]
[TimeControl "40/5400+30:1800+30"]
[WhiteFideId "2512300"]
[WhiteElo "2340"]
[BlackElo "2289"]
[WhiteTitle "FM"]
[WhiteClock "0:19:20"]
[BlackClock "0:12:06"]
[Variant "Standard"]
[EndDate "2026.08.08"]
[EndTime "18:31:48"]

1. d4 d5 2. Nf3 c5 3. dxc5 e6 4. Be3 Nf6 5. c3 Qc7 6. b4 a5 7. a3 h6 8. g3 e5 9. Bg2 Be6 10. h3 Be7 11. Nbd2 O-O 12. O-O Ne4 13. Qc2 f5 14. Ne1 Nf6 15. Nd3 Nbd7 16. f4 e4 17. Nf2 Nh5 18. Nh1 g5 19. Nb3 gxf4 20. Bxf4 Nxf4 21. gxf4 Nf6 22. Nd4 Bd7 23. Ng3 Qc8 24. e3 Kh7 25. Kh2 Rg8 26. Rg1 h5 27. Qf2 Ra6 28. b5 Ra8 29. c6 bxc6 30. bxc6 Bxc6 31. Ngxf5 Bd8 32. Bh1 Bd7 33. Rxg8 Nxg8 34. Nd6 Qxc3 35. Rg1 Rb8 36. Qg2 Bg4 37. N6b5 Qxe3 38. hxg4 Nh6 39. gxh5 Qxf4+ 40. Qg3 Ng4+ 41. Kh3 Nf2+ 42. Kg2 Qxg3+ 43. Kxg3 Nxh1+ 44. Rxh1 Bf6 45. Kg4 Bxd4 46. Nxd4 Rb2 47. Kf4 Rd2 48. Nf5 Rd3 49. a4 Ra3 50. Rd1 Rxa4 51. Rxd5 Ra1 52. Rd7+ Kg8 53. Kxe4 a4 54. Ke5 a3 55. Kf6 Rh1 56. Ra7 Ra1 57. Kg6 Rg1+ 58. Kh6 Ra1 59. Nh4 Kf8 60. Ng6+ Ke8 61. Kg7 1-0

[Event "Irish Championship 2026"]
[Site "Talbot Hotel Stillorgan, Co.Dublin, IE"]
[Date "2026.08.08"]
[Round "8"]
[White "Barnes, Oliver"]
[Black "Melaugh, Shane"]
[Result "1-0"]
[Board "63"]
[TimeControl "40/5400+30:1800+30"]
[WhiteFideId "2517604"]
[BlackFideId "2509580"]
[WhiteElo "2107"]
[BlackElo "2157"]
[BlackTitle "FM"]
[WhiteClock "0:31:07"]
[BlackClock "0:29:02"]
[Variant "Standard"]
[EndDate "2026.08.08"]
[EndTime "16:35:14"]

1. d4 e6 2. Nf3 f5 3. Bf4 Nf6 4. e3 Be7 5. h3 O-O 6. Be2 d6 7. c4 Qe8 8. Nc3 b6 9. O-O Bb7 10. b4 h6 11. Bh2 Nbd7 12. Nb5 Qc8 13. c5 Ne8 14. Rc1 bxc5 15. dxc5 dxc5 16. bxc5 Nxc5 17. Ne5 Bd6 18. Ng6 Rf7 19. Bxd6 cxd6 20. Nxd6 Qc6 21. Nxb7 Rxb7 22. Bf3 Qb6 23. Rxc5 Qxc5 24. Bxb7 Rb8 25. Qd7 Kh7 26. Nf4 Nf6 27. Qxg7+ Kxg7 28. Nxe6+ Kf7 29. Nxc5 Ke7 30. Rd1 a5 31. a4 1-0

[Event "Irish Championship 2026"]
[Site "Talbot Hotel Stillorgan, Co.Dublin, IE"]
[Date "2026.08.08"]
[Round "8"]
[White "Bartczak, Korneliusz"]
[Black "Venkatesan, Kavin"]
[Result "1/2-1/2"]
[Board "64"]
[TimeControl "40/5400+30:1800+30"]
[WhiteFideId "2523558"]
[BlackFideId "2512602"]
[WhiteElo "2062"]
[BlackElo "2297"]
[BlackTitle "FM"]
[WhiteClock "0:30:03"]
[BlackClock "0:09:40"]
[Variant "Standard"]
[EndDate "2026.08.08"]
[EndTime "18:04:33"]

1. d4 Nf6 2. Nf3 e6 3. e3 b6 4. Bd3 Bb7 5. O-O c5 6. c4 Be7 7. Nc3 cxd4 8. exd4 d6 9. d5 e5 10. Nd2 Nbd7 11. f4 Qc7 12. Qe2 a6 13. Nf3 O-O 14. fxe5 dxe5 15. Ng5 g6 16. Be3 Rae8 17. Rae1 Kg7 18. Nce4 h6 19. Nxf6 Nxf6 20. Nh3 Bc5 21. Bxc5 Qxc5+ 22. Qf2 Nd7 23. Qxc5 Nxc5 24. Nf2 f5 25. b4 Nd7 26. Rc1 Rc8 27. Rfd1 Rc7 28. Be2 e4 29. h4 Kf6 30. h5 g5 31. g4 e3 32. Nd3 f4 33. c5 Bxd5 34. Nxf4 gxf4 35. Rxd5 bxc5 36. bxc5 Ne5 37. Rf1 Ke6 38. Rd6+ Ke7 39. Rd5 Ke6 40. Rd6+ Ke7 41. Rd5 Ke6 1/2-1/2

[Event "Irish Championship 2026"]
[Site "Talbot Hotel Stillorgan, Co.Dublin, IE"]
[Date "2026.08.08"]
[Round "8"]
[White "Brozynski, Patryk"]
[Black "Woods, Yannick"]
[Result "1-0"]
[Board "65"]
[TimeControl "40/5400+30:1800+30"]
[WhiteFideId "2512700"]
[BlackFideId "2518384"]
[WhiteElo "2224"]
[BlackElo "2118"]
[WhiteTitle "CM"]
[WhiteClock "0:15:25"]
[BlackClock "0:07:40"]
[Variant "Standard"]
[EndDate "2026.08.08"]
[EndTime "17:06:40"]

1. e4 e6 2. Nf3 d5 3. Nc3 Nf6 4. e5 Nfd7 5. d4 c5 6. dxc5 Nc6 7. Bf4 Bxc5 8. Bd3 a6 9. O-O f6 10. exf6 Qxf6 11. Bg5 Qf7 12. Qe2 O-O 13. Bh4 Nd4 14. Nxd4 Bxd4 15. Bxh7+ Kh8 16. Qg4 Bxc3 17. Bg6 Qf4 18. Qh5+ Qh6 19. Qxh6+ gxh6 20. bxc3 Ne5 21. Bh5 Bd7 22. Rfe1 Nc4 23. Rad1 Rf4 24. Bg3 Rf6 25. Rd4 Be8 26. Be2 Rg6 27. Bd3 Rg5 28. h4 1-0

[Event "Irish Championship 2026"]
[Site "Talbot Hotel Stillorgan, Co.Dublin, IE"]
[Date "2026.08.08"]
[Round "8"]
[White "Oisin O'Cuilleanain"]
[Black "Jason Liu"]
[Result "1/2-1/2"]
[Board "66"]
[TimeControl "40/5400+30:1800+30"]
[WhiteElo "2128"]
[BlackElo "2161"]
[WhiteClock "0:23:59"]
[BlackClock "0:30:07"]
[Variant "Standard"]
[EndDate "2026.08.08"]
[EndTime "17:55:28"]

1. c4 Nf6 2. Nf3 b6 3. g3 Bb7 4. Bg2 g6 5. O-O Bg7 6. d4 O-O 7. b3 d6 8. Bb2 e6 9. Nc3 Ne4 10. Qc2 Nxc3 11. Bxc3 Nd7 12. Rfd1 Qe7 13. Rac1 Rad8 14. e4 c5 15. Qe2 Rfe8 16. a3 cxd4 17. Nxd4 a6 18. Qb2 Qf8 19. b4 Ne5 20. Qb3 Rc8 21. Bb2 Qe7 22. h3 Qc7 23. a4 Nxc4 24. Ba1 Bxd4 25. Rxd4 b5 26. Qc3 e5 27. Rdd1 Qe7 28. Qd3 Rc7 29. h4 Rb8 30. Rc3 Bc8 31. f4 Bg4 32. Rf1 h5 33. Rc2 Kh7 34. Rcf2 Qe8 35. a5 Rd8 36. f5 gxf5 37. exf5 f6 38. Bd5 Rdd7 39. Re1 Qf8 40. Re4 Rg7 41. Kh2 Qc8 42. Be6 Qb7 43. Bd5 Qc8 44. Be6 Qb7 45. Bd5 1/2-1/2

[Event "Irish Championship 2026"]
[Site "Talbot Hotel Stillorgan, Co.Dublin, IE"]
[Date "2026.08.08"]
[Round "8"]
[White "Joe Ryan"]
[Black "Andrey A. Ivanov"]
[Result "1/2-1/2"]
[Board "67"]
[TimeControl "40/5400+30:1800+30"]
[WhiteElo "2159"]
[BlackElo "2085"]
[WhiteClock "0:08:54"]
[BlackClock "0:03:31"]
[Variant "Standard"]
[EndDate "2026.08.08"]
[EndTime "18:52:50"]

1. Nf3 Nf6 2. g3 b5 3. Bg2 Bb7 4. O-O e6 5. d3 Be7 6. e4 d6 7. Nd4 Qd7 8. a4 b4 9. Nd2 c5 10. Ne2 Nc6 11. b3 h5 12. h3 Ng8 13. Nc4 h4 14. g4 d5 15. Nd2 Bf6 16. Rb1 Nge7 17. f4 Bd4+ 18. Kh1 Be3 19. Nf3 Bxc1 20. Qxc1 dxe4 21. dxe4 O-O-O 22. Rd1 Qc7 23. Qe3 Qb6 24. Rxd8+ Rxd8 25. c3 Kb8 26. c4 Nd4 27. Nexd4 cxd4 28. Qd3 Ng6 29. Qd2 Bxe4 30. Re1 Bxf3 31. Bxf3 Qd6 32. c5 Qc7 33. Qxb4+ Kc8 34. Re4 d3 35. Qd2 Ne7 36. a5 Nc6 37. b4 Rd4 38. Rxd4 Nxd4 39. Bg2 g5 40. Qxd3 Qxf4 41. Qe4 Qxe4 42. Bxe4 a6 43. Kg2 Kc7 44. Kf2 f5 45. Ke3 Nc6 46. gxf5 exf5 47. Bxf5 Nxb4 48. Kf3 Nc6 49. Kg4 Nxa5 50. Kxg5 Nb7 51. Kxh4 Nxc5 52. Kg5 Kd8 53. Kf6 Ke8 54. Kg7 a5 55. h4 a4 56. h5 a3 57. Bb1 Ne6+ 58. Kg8 Nf8 59. h6 Ke7 60. Kg7 Ne6 61. Kg8 Nf8 62. Ba2 Kf6 63. Kxf8 Kg6 64. Ke7 1/2-1/2

[Event "Irish Championship 2026"]
[Site "Talbot Hotel Stillorgan, Co.Dublin, IE"]
[Date "2026.08.08"]
[Round "8"]
[White "Murray, Benjamin"]
[Black "O'Connell, Gerard"]
[Result "1-0"]
[Board "68"]
[TimeControl "40/5400+30:1800+30"]
[WhiteFideId "2512963"]
[BlackFideId "2500493"]
[WhiteElo "2080"]
[BlackElo "1996"]
[WhiteClock "0:33:18"]
[BlackClock "0:45:48"]
[Variant "Standard"]
[EndDate "2026.08.08"]
[EndTime "16:15:13"]

1. e4 c5 2. Nf3 d6 3. d4 cxd4 4. Nxd4 Nf6 5. Nc3 g6 6. Be3 Bg7 7. f3 Nc6 8. Qd2 O-O 9. Bc4 Bd7 10. O-O-O Rc8 11. Be2 Ne5 12. Kb1 Nc4 13. Bxc4 Rxc4 14. g4 b5 15. b3 Rc8 16. Ndxb5 Nxe4 17. fxe4 a6 18. Nd4 Bxg4 19. Rdf1 e5 20. Nde2 f5 21. h3 Bh5 22. Ng3 f4 23. Nxh5 fxe3 24. Qd5+ Kh8 25. Nxg7 Rxc3 26. Ne6 Rxf1+ 27. Rxf1 e2 28. Re1 Qc8 29. Qxd6 1-0